 Dungeon Crawl Stone Soup version 0.30.0-5-g1a98f26d00 (webtiles) character file.

Game seed: 3520647721873884696

41 qeuew the Covered (level 3, -2/33 HPs)
             Began as a Minotaur Fighter on May 11, 2023.
             Slain by Sigmund
             ... wielding a +2 scythe of venom
              (11 damage)
             ... on level 2 of the Dungeon.
             The game lasted 00:00:56 (822 turns).

qeuew the Covered (Minotaur Fighter)                 Turns: 822, Time: 00:00:56

Health: -2/33      AC:  7    Str: 20    XL:     3   Next: 32%
Magic:  2/2        EV:  9    Int:  5    God:
Gold:   25         SH:  4    Dex: 11    Spells: 2/2 levels left

rFire   . . .        a - +0 war axe (protect)
rCold   . . .        c - +0 buckler
rNeg    . . .        b - +0 scale mail
rPois   .            (helmet restricted)
rElec   .            (no cloak)
rCorr   .            (no gloves)
SInv    .            (no boots)
Will    .....        (no amulet) Stlth
                     (no ring)
HPRegen 0.25/turn    (no ring)
MPRegen 0.08/turn

%: no passive effects
@: mighty
A: horns 2, retaliatory headbutt
a: no special abilities


You were on level 2 of the Dungeon.
You visited 1 branch of the dungeon, and saw 2 of its levels.

You collected 25 gold pieces.

Inventory:

Hand Weapons
 a - a +0 war axe of protection (weapon)
Armour
 b - a +0 scale mail (worn)
 c - a +0 buckler (worn)
Potions
 d - 2 potions of might
 f - a potion of curing


   Skills:
 + Level 4.0 Fighting
 + Level 3.0 Axes
 * Level 4.3 Armour
 + Level 1.1 Dodging
 + Level 3.9 Shields


You had 2 spell levels left.
You didn't know any spells.
Your spell library contained the following spells:

 Spells                   Type           Power      Damage    Failure   Level
 Summon Small Mammal      Summ           0%         N/A       88%         1
 Call Canine Familiar     Summ           0%         N/A       99%         3
 Summon Guardian Golem    Hex/Summ       0%         N/A       99%         3
 Manifold Assault         Tloc           0%         N/A       100%        4
 Dispersal                Tloc           0%         N/A       100%        6
 Disjunction              Tloc           0%         N/A       100%        8


Dungeon Overview and Level Annotations

Branches:
Dungeon (2/15)

Altars:

Annotations:
D:2 Sigmund


Innate Abilities, Weirdness & Mutations

You have a pair of horns on your head.
You reflexively headbutt those who attack you in melee.


Message History

You hit Sigmund.
Your weapon exudes an aura of protection.
Sigmund is lightly wounded.
You feel sick. Sigmund hits you but does no damage.
You are more poisoned.
Unknown command.
You hit Sigmund but do no damage.
Sigmund is lightly wounded.
You feel very sick. Sigmund gestures at you while chanting.
You are confused.
Unknown command.
You feel sick.
Sigmund mumbles some strange words.
Sigmund flickers and vanishes!
Deactivating autopickup; reactivate with Ctrl-A.
Unknown command.
Okay, then.
You feel very mighty all of a sudden.
You feel sick. Something hits you.
You are more poisoned.
You feel very sick. Something completely misses you.
You bump into the rock wall.
You feel very sick.
Unknown command.
* * * LOW HITPOINT WARNING * * *
You feel sick.
You hear some strange, mumbled words.
A magic dart appears from out of thin air!
The magic dart hits you!
* * * LOW HITPOINT WARNING * * *
You feel better.
You hear some strange, mumbled words.
Something tries to affect you, but you resist.
You miss something.
You hear some strange, mumbled words.
Something tries to affect you, but you resist.
Something hits you!
You die...

####+### ###
#......#####<###
#.....@##......#
#....{.........#
#......##......#
#......##......#
#########......#
########


There were no monsters in sight!

Vanquished Creatures
  7 endoplasms (D:1)
  3 giant cockroaches (D:1)
  2 goblins (D:1)
  2 hobgoblins (D:1)
  3 jackals (D:1)
  3 kobolds (D:1)
  A quokka (D:1)
  4 ball pythons (D:1)
  6 bats (D:1)
  2 frilled lizards (D:1)
  4 rats (D:1)
37 creatures vanquished.

Notes
Turn   | Place    | Note
-------+----------+-------------------------------------------
     0 | D:1      | qeuew the Minotaur Fighter began the quest for the Orb.
     0 | D:1      | Reached XP level 1. HP: 19/19 MP: 0/0
   101 | D:1      | Reached XP level 2. HP: 27/27 MP: 1/1
   323 | D:1      | Reached skill level 1 in Dodging
   323 | D:1      | Reached XP level 3. HP: 32/33 MP: 2/2
   809 | D:2      | Noticed Sigmund
   822 | D:2      | Slain by Sigmund

Illustrated notes

Levels and vault maps discovered:
D:1:      wheals_arrival_linesprint, layout_loops_ring, minmay_ruptured
D:2:      layout_basic, dreamdust_ecumenical_altar_statues, uniq_sigmund

Skill      XL: |  1  2  3 |
---------------+----------+-----
Armour         | 4 |  4.3
Dodging        | 1 |  1.1
Fighting       | 4 |  4.0
Axes           | 3 |  3.0
Shields        | |  3.9

Action                     || total
---------------------------++-------
  Melee: War axe           ||    55
         Headbutt          ||    11
    Use: Scroll            ||     4
         Potion            ||     3
 Armour: Scale mail        ||    32
  Dodge: Dodged            ||    26
  Block: Buckler           ||    10
